 Dungeon Crawl Stone Soup version 0.31-a0-963-ga325b2283a (webtiles) character file.

Game seed: 10890977968092192831

1152 lessens the Ducker (level 8, -1/64 HPs)
             Began as a Gnoll Gladiator on Oct 24, 2023.
             Killed from afar by a steam dragon (12 damage)
             ... with a ball of steam
             ... on level 5 of the Dungeon.
             The game lasted 00:06:25 (4771 turns).

lessens the Ducker (Gnoll Gladiator)                Turns: 4771, Time: 00:06:26

Health: -1/64      AC: 10    Str: 16    XL:     8   Next: 38%
Magic:  12/12      EV: 12    Int:  7    God:
Gold:   239        SH:  0    Dex: 14    Spells: 13/13 levels left

rFire   . . .        D - +1 dagger (venom)
rCold   . . .        (no shield)
rNeg    + . .        y - +1 scale mail {rN+}
rPois   .            c - +0 helmet
rElec   .            (no cloak)
rCorr   .            t - +0 pair of gloves
SInv    .            (no boots)
Will    +....        (no amulet)
Stlth   +            A - ring of willpower
HPRegen 0.30/turn    (no ring)
MPRegen 0.13/turn

%: no passive effects
@: no status effects
A: fangs 1, strong nose, distributed training
a: no special abilities


You were on level 5 of the Dungeon.
You visited 1 branch of the dungeon, and saw 5 of its levels.

You collected 239 gold pieces.

Inventory:

Hand Weapons
 a - a +0 war axe
 D - a +1 dagger of venom (weapon)
Missiles
 d - 3 throwing nets
 e - a javelin
 g - 56 stones
 v - 6 poisoned darts (quivered)
 x - a boomerang
Armour
 b - a +0 leather armour
 c - a +0 helmet (worn)
 t - a +0 pair of gloves (worn)
 y - a +1 scale mail of positive energy (worn)
Jewellery
 A - a ring of willpower (left hand)
Scrolls
 h - a scroll of silence
 j - 5 scrolls of teleportation
 l - 2 scrolls of poison {unknown}
 m - 3 scrolls of fog
 n - a scroll of enchant armour {unknown}
 p - a scroll of enchant weapon {unknown}
 r - a scroll of amnesia {unknown}
 w - a scroll of torment {unknown}
 F - a scroll of revelation {unknown}
Potions
 f - a potion of curing
 i - 3 potions of attraction {unknown}
 k - 2 potions of berserk rage {unknown}
 o - a potion of heal wounds {unknown}
 q - a potion of mutation {unknown}
 s - 2 potions of cancellation
 u - a potion of magic {unknown}
 z - a potion of brilliance {unknown}
 B - 2 potions of might
 C - 3 potions of lignification
 E - 2 potions of enlightenment {unknown}


   Skills:
 + Level 5.7 Fighting
 + Level 3.3 Short Blades
 + Level 3.3 Long Blades
 + Level 7.4 Axes
 + Level 3.3 Maces & Flails
 + Level 3.3 Polearms
 + Level 3.3 Staves
 + Level 3.3 Ranged Weapons
 + Level 5.7 Throwing
 + Level 3.3 Armour
 + Level 7.4 Dodging
 + Level 3.3 Stealth
 + Level 3.3 Shields
 + Level 3.3 Unarmed Combat
 + Level 3.3 Spellcasting
 + Level 2.6 Conjurations
 + Level 2.6 Hexes
 + Level 2.6 Summonings
 + Level 2.6 Necromancy
 + Level 2.6 Translocations
 + Level 2.6 Transmutations
 + Level 2.6 Fire Magic
 + Level 2.6 Ice Magic
 + Level 2.6 Air Magic
 + Level 2.6 Earth Magic
 + Level 2.6 Poison Magic
 + Level 3.6 Invocations
 + Level 3.3 Evocations
 + Level 3.0 Shapeshifting


You had 13 spell levels left.
You didn't know any spells.
Your spell library contained the following spells:

 Spells                   Type           Power      Damage    Failure   Level
 Ensorcelled Hibernation  Hex/Ice        8%         N/A       52%         2
 Passwall                 Tmut/Erth      3%         N/A       52%         2
 Poisonous Vapours        Pois/Air       8%         N/A       52%         2
 Mephitic Cloud           Conj/Pois/Air  4%         N/A       75%         3
 Swiftness                Air            4%         N/A       75%         3
 Manifold Assault         Tloc           4%         N/A       98%         4
 Freezing Cloud           Conj/Ice/Air   2%         6-21      100%        5
 Dispersal                Tloc           2%         N/A       100%        6
 Disjunction              Tloc           2%         N/A       100%        8


Dungeon Overview and Level Annotations

Branches:
Dungeon (5/15) Zot: 25210
 Temple: D:4-7

Altars:
Hepliaklqana
Uskayaw


Innate Abilities, Weirdness & Mutations

You have very sharp teeth.
Your uncanny sense of smell can sniff out nearby items.
Your experience applies equally to all skills.


Message History

The iguana dies!
You hit the steam dragon.
The steam dragon looks as sick as possible!
You bite the steam dragon, but do no damage.
The steam dragon is lightly wounded.
The steam dragon misses you.
The steam dragon claws you but does no damage.
The steam dragon attacks as it pursues you!
The steam dragon bites you.
The steam dragon claws you but does no damage.
You closely miss the steam dragon.
You bite the steam dragon, but do no damage.
The steam dragon is moderately wounded.
You hit the steam dragon but do no damage.
The steam dragon looks as sick as possible!
The steam dragon is heavily wounded.
The steam dragon bites you but does no damage.
The steam dragon claws you.
You hit the steam dragon but do no damage.
The steam dragon looks as sick as possible!
The steam dragon is heavily wounded.
The steam dragon barely misses you. The steam dragon closely misses you.
You hit the steam dragon.
The steam dragon looks as sick as possible!
The steam dragon is severely wounded.
The steam dragon breathes steam at you. The ball of steam hits you!!
* * * LOW HITPOINT WARNING * * *
The steam dragon bites you.
* * * LOW HITPOINT WARNING * * *
The steam dragon claws you but does no damage.
You feel better. The steam dragon bites you.
* * * LOW HITPOINT WARNING * * *
The steam dragon claws you but does no damage.
You hit the steam dragon.
The steam dragon looks as sick as possible!
The steam dragon is almost dead.
The steam dragon breathes steam at you. The ball of steam hits you!
You die...

...# #..##..### #..
....$ ##.##..## #####..
..... #..##.#####.....#
.....##.###<###^.)###.#
#....##.>....### #..
#.§§>.#..##### ##.
#§.......#### .
#§§§.......<.. .
#.D@....#####. .
#...........
#.....###### #.((..†.#
#.(.#....# ...###....#
∆ ### #..... #....##
..##..


You could see a steam dragon (extremely poisoned, catching breath).

Vanquished Creatures
  Sigmund (D:5)
  An ice beast (D:5)
  3 ogres
  A black bear (D:4)
  A phantom (D:4)
  A gnoll sergeant (D:4)
  2 hounds
  3 iguanas
  8 gnolls
  9 adders
  A white imp (D:5)
  6 worms
  3 dart slugs
  5 orcs
  6 endoplasms
  3 giant cockroaches
  6 goblins
  3 hobgoblins
  3 quokkas
  9 ball pythons
  7 bats
  9 frilled lizards
  8 kobolds
  3 rats
102 creatures vanquished.

Vanquished Creatures (others)
  An iguana (D:5)
1 creature vanquished.

Grand Total: 103 creatures vanquished

Notes
Turn   | Place    | Note
-------+----------+-------------------------------------------
     0 | D:1      | lessens the Gnoll Gladiator began the quest for the Orb.
     0 | D:1      | Reached XP level 1. HP: 20/20 MP: 1/1
   161 | D:1      | Reached XP level 2. HP: 21/26 MP: 2/2
   895 | D:2      | Reached XP level 3. HP: 31/31 MP: 3/3
  1036 | D:2      | Reached skill level 1 in Invocations
  1223 | D:2      | Reached skill level 1 in Short Blades
  1223 | D:2      | Reached skill level 1 in Long Blades
  1223 | D:2      | Reached skill level 1 in Maces & Flails
  1223 | D:2      | Reached skill level 1 in Polearms
  1223 | D:2      | Reached skill level 1 in Staves
  1223 | D:2      | Reached skill level 1 in Ranged Weapons
  1223 | D:2      | Reached skill level 1 in Armour
  1223 | D:2      | Reached skill level 1 in Stealth
  1223 | D:2      | Reached skill level 1 in Shields
  1223 | D:2      | Reached skill level 1 in Unarmed Combat
  1223 | D:2      | Reached skill level 1 in Spellcasting
  1223 | D:2      | Reached skill level 1 in Evocations
  1224 | D:2      | Reached XP level 4. HP: 37/38 MP: 5/5
  1235 | D:2      | Reached skill level 1 in Shapeshifting
  1608 | D:2      | Found a faded altar of an unknown god.
  1860 | D:3      | Reached skill level 1 in Conjurations
  1860 | D:3      | Reached skill level 1 in Hexes
  1860 | D:3      | Reached skill level 1 in Summonings
  1860 | D:3      | Reached skill level 1 in Necromancy
  1860 | D:3      | Reached skill level 1 in Translocations
  1860 | D:3      | Reached skill level 1 in Transmutations
  1860 | D:3      | Reached skill level 1 in Fire Magic
  1860 | D:3      | Reached skill level 1 in Ice Magic
  1860 | D:3      | Reached skill level 1 in Air Magic
  1860 | D:3      | Reached skill level 1 in Earth Magic
  1860 | D:3      | Reached skill level 1 in Poison Magic
  2015 | D:3      | Reached XP level 5. HP: 10/43 MP: 5/7
  2686 | D:3      | Noticed an ogre
  2694 | D:3      | Killed an ogre
  2695 | D:3      | Reached XP level 6. HP: 50/50 MP: 8/8
  2842 | D:3      | You fall into a shaft and drop 1 floor!
  2853 | D:4      | Found a hide-covered altar of Uskayaw.
  3138 | D:4      | Noticed a black bear
  3147 | D:4      | Killed a black bear
  3148 | D:4      | Reached skill level 5 in Fighting
  3148 | D:4      | Reached skill level 5 in Throwing
  3226 | D:4      | Reached XP level 7. HP: 54/56 MP: 10/10
  3321 | D:4      | Found a hazy altar of Hepliaklqana.
  4249 | D:5      | Entered Level 5 of the Dungeon
  4546 | D:5      | Noticed Sigmund
  4560 | D:5      | Killed Sigmund
  4561 | D:5      | Reached XP level 8. HP: 56/63 MP: 12/12
  4771 | D:5      | Killed from afar by a steam dragon

Illustrated notes

Levels and vault maps discovered:
D:1:      noname_arrival_rooms_in_the_neighbourhood, layout_basic
D:2:      layout_basic, chequers_ecumenical_altar_simple_redux,
          minmay_fractal_squares_gapless_5
D:3:      kb_forest_paths, layout_basic, grunt_ministairs_7
D:4:      layout_basic, mainiacjoe_overflow_six_doors_small,
          mainiacjoe_overflow_alcove_1, minmay_puff
D:5:      layout_rooms, mainiacjoe_overflow_alcove_4, minmay_misc_feat_five,
          minmay_misc_feat_diagonals, nicolae_zig_zag_zippers, uniq_sigmund

Skill      XL: |  1  2  3  4  5  6  7  8 |
---------------+-------------------------+-----
Invocations    | 1 2 3 |  3.6
Short Blades   | 1 2 3 |  3.3
Long Blades    | 1 2 3 |  3.3
Maces & Flails | 1 2 3 |  3.3
Polearms       | 1 2 3 |  3.3
Staves         | 1 2 3 |  3.3
Ranged Weapons | 1 2 3 |  3.3
Armour         | 1 2 3 |  3.3
Stealth        | 1 2 3 |  3.3
Shields        | 1 2 3 |  3.3
Unarmed Combat | 1 2 3 |  3.3
Spellcasting   | 1 2 3 |  3.3
Evocations     | 1 2 3 |  3.3
Shapeshifting  | 1 2 3 |  3.0
Conjurations   | 1 2 |  2.6
Hexes          | 1 2 |  2.6
Summonings     | 1 2 |  2.6
Necromancy     | 1 2 |  2.6
Translocations | 1 2 |  2.6
Transmutations | 1 2 |  2.6
Fire Magic     | 1 2 |  2.6
Ice Magic      | 1 2 |  2.6
Air Magic      | 1 2 |  2.6
Earth Magic    | 1 2 |  2.6
Poison Magic   | 1 2 |  2.6
Fighting       | 5 |  5.7
Throwing       | 5 |  5.7
Axes           | 7 |  7.4
Dodging        | 7 |  7.4

Action                     |  1- 3 |  4- 6 |  7- 9 || total
---------------------------+-------+-------+-------++-------
  Melee: War axe           |    75 |   154 |    12 ||   241
         Bite              |     3 |     9 |    22 ||    34
         Dagger            |       |       |   157 ||   157
         Punch             |       |       |     6 ||     6
  Throw: Dart              |       |     5 |     5 ||    10
         Throwing net      |       |     4 |       ||     4
         Javelin           |       |     1 |       ||     1
         Boomerang         |       |     1 |       ||     1
    Use: Scroll            |       |     5 |     3 ||     8
         Potion            |       |       |     1 ||     1
   Stab: Sleeping          |     1 |       |       ||     1
         Held in net/web   |       |     1 |       ||     1
 Armour: Leather armour    |    26 |     8 |       ||    34
         Scale mail        |       |    71 |   113 ||   184
  Dodge: Dodged            |    58 |   104 |    76 ||   238

Table legend: (Time is in decaauts)
 A = Elapsed time spent in this place.
 B = Non-inter-level travel time spent in this place.
 C = Inter-level travel time spent in this place.
 D = Time resting spent in this place.
 E = Time spent auto-exploring this place.
 F = Levels seen in this place.
 G = Mean time per level.
                   A        B        C        D        E       F      G
               +--------+--------+--------+--------+--------+-----+--------+
         Total |   4788 |   4564 |    224 |    151 |   3440 |   5 |  957.6 |
       Dungeon |   4788 |   4564 |    224 |    151 |   3440 |   5 |  957.6 |
               +--------+--------+--------+--------+--------+-----+--------+

Top non-repeatable levels by time:
     D:3: 1269 daAuts
     D:4: 1221 daAuts
     D:2: 1156 daAuts
     D:1: 725 daAuts
     D:5: 415 daAuts

Levels and vault maps discovered:
D:1:      noname_arrival_rooms_in_the_neighbourhood, layout_basic
D:2:      layout_basic, chequers_ecumenical_altar_simple_redux,
          minmay_fractal_squares_gapless_5
D:3:      kb_forest_paths, layout_basic, grunt_ministairs_7
D:4:      layout_basic, mainiacjoe_overflow_six_doors_small,
          mainiacjoe_overflow_alcove_1, minmay_puff
D:5:      layout_rooms, mainiacjoe_overflow_alcove_4, minmay_misc_feat_five,
          minmay_misc_feat_diagonals, nicolae_zig_zag_zippers, uniq_sigmund
